 Dungeon Crawl Stone Soup version 0.26.1-11-gd32895ea62 (webtiles) character file.

Game seed: 4722888691867488164

9994 jlumianski the Thaumaturge (level 11, -9/86 HPs)
             Began as a Gnoll Warper on July 17, 2021.
             Was an Elder of Qazlal.
             Killed from afar by Azrael (39 damage)
             ... with damnation
             ... on level 1 of the Orcish Mines.
             The game lasted 01:21:01 (15297 turns).

jlumianski the Thaumaturge (Gnoll Warper)          Turns: 15297, Time: 01:21:02

Health: -9/86      AC:  8    Str: 21    XL:     11   Next: 55%
Magic:  18/23      EV: 18    Int: 16    God:    Qazlal [****..]
Gold:   902        SH:  5    Dex: 18    Spells: 14/26 levels left

rFire    . . .     SeeInvis .   l - +7 spear "Xuhiew" {vorpal, rPois Dex+4}
rCold    + + .     Faith    .   (no shield)
rNeg     + . .     Spirit   .   D - +2 leather armour {rN+}
rPois    +         Reflect  .   (no helmet)
rElec    .         Harm     .   (no cloak)
rCorr    .         Rampage  .   (no gloves)
Will     .....                  t - +1 pair of boots
Stlth    ++........             (no amulet)
HPRegen  0.24/turn              p - +6 ring of strength
MPRegen  0.18/turn              h - ring of wizardry

@: repel missiles
A: distributed training, fangs 1, cold resistance 2, dopey 1, MP-powered wands,
strong nose
a: Renounce Religion, Upheaval, Elemental Force


You were on level 1 of the Orcish Mines.
You worshipped Qazlal.
Qazlal was greatly pleased with you.
You visited 3 branches of the dungeon, and saw 13 of its levels.

You collected 986 gold pieces.
You spent 84 gold pieces at shops.

Inventory:

Hand Weapons
 a - the +6 flail "Nephor" {freeze, rElec rF+ Dex+5 Stlth-}
   (You found it on level 8 of the Dungeon)

   It has been specially enchanted to freeze those struck by it, causing extra
   injury to most foes and up to half again as much damage against particularly
   susceptible opponents.
   It can also slow down cold-blooded creatures.
   It affects your dexterity (+5).
   It protects you from fire.
   It insulates you from electricity.
   It makes you less stealthy.
 l - the +7 spear "Xuhiew" (weapon) {vorpal, rPois Dex+4}
   (You found it on level 9 of the Dungeon)

   It inflicts extra damage upon your enemies.
   It affects your dexterity (+4).
   It protects you from poison.
 x - a +4 whip of flaming
 G - a +1 vorpal hand axe
Missiles
 e - 5 boomerangs of dispersal
 m - 16 bolts
 o - 56 poisoned darts
 y - a throwing net
 C - 28 boomerangs (quivered)
 K - 8 silver javelins
Armour
 c - +0 steam dragon scales
 t - a +1 pair of boots (worn)
 D - a +2 leather armour of positive energy (worn)
Magical Staves
 w - an uncursed staff of cold
 E - an uncursed staff of cold
Jewellery
 b - an uncursed ring of flight
 h - a ring of wizardry (right hand)
 k - an uncursed ring of willpower
 n - a +4 ring of protection
 p - a +6 ring of strength (left hand)
Wands
 i - a wand of flame (11)
 L - a wand of paralysis (12)
 M - a wand of random effects (42)
Scrolls
 d - 2 scrolls of blinking
 f - 5 scrolls of identify
 j - 7 scrolls of teleportation
 s - 3 scrolls of remove curse
 u - 2 scrolls of amnesia
 A - a scroll of immolation
 I - a scroll of fear
Potions
 g - a potion of mutation
 q - 3 potions of haste
 v - a potion of cancellation
 z - a potion of might
 B - a potion of heal wounds
 F - a potion of brilliance
 H - 2 potions of curing
Miscellaneous
 r - a condenser vane


   Skills:
 + Level 8.0 Fighting
 + Level 6.4 Short Blades
 + Level 6.4 Long Blades
 + Level 8.0 Axes
 + Level 6.4 Maces & Flails
 + Level 6.4 Polearms
 + Level 6.4 Staves
 + Level 6.4 Slings
 + Level 6.4 Bows
 + Level 6.4 Crossbows
 + Level 7.0 Throwing
 + Level 7.0 Armour
 + Level 8.0 Dodging
 + Level 6.4 Stealth
 + Level 6.4 Shields
 + Level 6.4 Unarmed Combat
 + Level 8.2 Spellcasting
 + Level 5.3 Conjurations
 + Level 5.3 Hexes
 + Level 5.3 Summonings
 + Level 5.3 Necromancy
 + Level 7.7 Translocations
 + Level 5.3 Transmutations
 + Level 5.3 Fire Magic
 + Level 5.3 Ice Magic
 + Level 5.3 Air Magic
 + Level 5.3 Earth Magic
 + Level 5.3 Poison Magic
 + Level 7.0 Invocations
 + Level 6.4 Evocations


You had 14 spell levels left.
You knew the following spells:

 Your Spells              Type           Power        Failure   Level
a - Blink                 Tloc           N/A          1%          2
b - Gell's Gravitas       Tloc           15%          1%          3
c - Call Canine Familiar  Summ           23%          1%          3
d - Summon Lightning Spi  Summ/Air       23%          6%          4

Your spell library contained the following spells:

 Spells                   Type           Power        Failure   Level
 Magic Dart               Conj           92%          1%          1
 Summon Small Mammal      Summ           92%          1%          1
 Call Imp                 Summ           23%          1%          2
 Searing Ray              Conj           46%          1%          2
 Dazzling Flash           Conj/Hex       46%          1%          3
 Lesser Beckoning         Tloc           15%          1%          3
 Summon Guardian Golem    Hex/Summ       23%          1%          3
 Teleport Other           Tloc           31%          1%          3
 Passage of Golubria      Tloc           N/A          2%          4
 Iskenderun's Mystic Bla  Conj/Tloc      27%          3%          4
 Fulminant Prism          Conj/Hex       11%          6%          4
 Summon Ice Beast         Ice/Summ       23%          6%          4


Dungeon Overview and Level Annotations

Branches:
Dungeon (10/15)            Temple (1/1) D:5            Lair (0/6) D:8
    Orc (2/2) D:10            Elf (0/3) Orc:2

Altars:
Cheibriados
Dithmenos
Elyvilon
Fedhas
Gozag
Hepliaklqana
Kikubaaqudgha
Makhleb
Nemelex Xobeh
Okawaru
Qazlal
Ru
Trog
Uskayaw
Vehumet
Xom
Zin
The Shining One

Shops:
Orc:1 !

Portals:
Abyss: D:3

Annotations:
D:3 4 transporters, ubername's ghost, weakling BaSu
Orc:1 Azrael


Innate Abilities, Weirdness & Mutations

Your experience applies equally to all skills.
You have very sharp teeth.
Your uncanny sense of smell can sniff out nearby items.
Your flesh is very cold resistant. (rC++)
You are dopey. (Int -2)
You expend magic power (3 MP) to strengthen your wands.


Message History

The damnation engulfs you!
* * * LOW HITPOINT WARNING * * *
Okay, then.
Unknown command.
Unknown command.
Unknown command.
Press: ? - help, v - describe, . - travel, g - get item
Here: Azrael, wielding a +3 scimitar of flaming (sparse dust, heavily wounded)
Items here: a +0 chain mail; a +0 whip.
The floor.
Casting: Summon Lightning Spire (dangerous; 6% risk of failure)
Confirm with . or Enter, or press ? or * to list all spells.
You blink.
Azrael gestures at you.
The sphere of damnation explodes!
The damnation engulfs you!!
* * * LOW HITPOINT WARNING * * *
You feel much better. Azrael gestures at you.
The sphere of damnation explodes!
The damnation engulfs you!!!
You die...

###........##
#.#.........##
###...##......#
#.....####>†.°#
###....#...R§.#
#.....#..°..##
###...#.○.###
#.......#
##....@.####
#....##.○..##
##..#####....#
#..### #.....#
#....###....##
#....#.....##
##.#.......#
###.....###
##....#


You could see Azrael.

Vanquished Creatures
  2 two-headed ogres (D:9)
  An unseen horror (D:10)
  An orc knight (D:10)
  A cyclops (Orc:2)
  Psyche (D:9)
  3 fire elementals
  Eustachio (D:4)
  A human (D:10)
  4 yaks
  Menkaure (D:6)
  A steam dragon (D:8)
  2 wargs
  7 orc warriors
  2 sky beasts
  2 ice beasts
  2 phantoms (D:9)
  A centaur (D:9)
  8 ogres
  5 bullfrogs
  A wyvern skeleton (D:8)
  5 scorpions
  3 killer bees (D:8)
  5 wights
  2 centaur zombies
  A bullfrog zombie (D:9)
  A crimson imp (D:4)
  A quasit (D:9)
  2 jellies
  8 orc priests
  4 hounds
  12 orc wizards
  4 centaur skeletons
  4 iguanas
  4 worker ants
  2 hound zombies
  A howler monkey skeleton (D:8)
  3 gnolls (D:5)
  9 adders
  2 shadow imps (D:9)
  A white imp (D:5)
  An ooze (D:3)
  2 ufetubi
  An adder skeleton (D:8)
  2 worms
  4 dart slugs
  6 leopard geckos
  65 orcs
  A ball python (D:2)
  6 bats
  2 giant cockroaches
  11 goblins
  9 hobgoblins
  3 jackals (D:1)
  7 kobolds
  2 quokkas
  8 frilled lizards
  A jackal zombie (D:5)
  10 rats
262 creatures vanquished.

Vanquished Creatures (collateral kills)
  Fannar (D:10)
  A yak (D:9)
  A hell hound (Orc:1)
  A sky beast (D:8)
  An orc warrior (Orc:1)
  3 wights
  A jelly (D:9)
  2 adders
  2 orcs (Orc:1)
13 creatures vanquished.

Vanquished Creatures (others)
  5 fungi (D:8)
  10 plants (D:8)
  3 withered plants (D:7)
18 creatures vanquished.

Grand Total: 293 creatures vanquished

Notes
Turn   | Place    | Note
-------+----------+-------------------------------------------
     0 | D:1      | jlumianski the Gnoll Warper began the quest for the Orb.
     0 | D:1      | Reached XP level 1. HP: 20/20 MP: 6/6
   280 | D:1      | Reached XP level 2. HP: 26/26 MP: 7/7
   283 | D:1      | Learned a level 2 spell: Blink
   740 | D:1      | Reached XP level 3. HP: 28/31 MP: 9/9
   742 | D:1      | Reached skill level 5 in Spellcasting
  1011 | D:2      | Learned a level 3 spell: Gell's Gravitas
  1135 | D:2      | Reached skill level 1 in Invocations
  1227 | D:1      | Reached skill level 1 in Short Blades
  1227 | D:1      | Reached skill level 1 in Long Blades
  1227 | D:1      | Reached skill level 1 in Maces & Flails
  1227 | D:1      | Reached skill level 1 in Polearms
  1227 | D:1      | Reached skill level 1 in Staves
  1227 | D:1      | Reached skill level 1 in Slings
  1227 | D:1      | Reached skill level 1 in Bows
  1227 | D:1      | Reached skill level 1 in Crossbows
  1227 | D:1      | Reached skill level 1 in Stealth
  1227 | D:1      | Reached skill level 1 in Shields
  1227 | D:1      | Reached skill level 1 in Unarmed Combat
  1227 | D:1      | Reached skill level 1 in Evocations
  1368 | D:2      | Reached XP level 4. HP: 38/38 MP: 11/11
  2069 | D:2      | Reached skill level 1 in Conjurations
  2069 | D:2      | Reached skill level 1 in Hexes
  2069 | D:2      | Reached skill level 1 in Summonings
  2069 | D:2      | Reached skill level 1 in Necromancy
  2069 | D:2      | Reached skill level 1 in Transmutations
  2069 | D:2      | Reached skill level 1 in Fire Magic
  2069 | D:2      | Reached skill level 1 in Ice Magic
  2069 | D:2      | Reached skill level 1 in Air Magic
  2069 | D:2      | Reached skill level 1 in Earth Magic
  2069 | D:2      | Reached skill level 1 in Poison Magic
  2251 | D:3      | Found a transporter.
  2263 | D:3      | Found a transporter.
  2428 | D:3      | Reached XP level 5. HP: 43/43 MP: 3/12
  2870 | D:3      | Found a one-way gate to the infinite horrors of the Abyss.
  2870 | D:3      | Noticed ubername's ghost (weakling BaSu)
  2871 | D:3      | Noticed a big kobold
  2918 | D:3      | Noticed a small abomination
  2919 | D:3      | Noticed a small abomination
  2928 | D:3      | Found a transporter.
  2943 | D:3      | Found a transporter.
  3363 | D:4      | Noticed an ogre
  3443 | D:3      | Killed an ogre
  3444 | D:3      | Reached skill level 5 in Fighting
  3444 | D:3      | Reached skill level 5 in Axes
  3444 | D:3      | Reached skill level 5 in Dodging
  3444 | D:3      | Reached XP level 6. HP: 14/51 MP: 7/14
  3856 | D:4      | Found a hide-covered altar of Uskayaw.
  4145 | D:4      | Found a burning altar of Makhleb.
  4361 | D:4      | Gained mutation: You are dopey. (Int -2) [potion of
                  | mutation]
  4361 | D:4      | Gained mutation: Your flesh is cold resistant. (rC+)
                  | [potion of mutation]
  4361 | D:4      | Gained mutation: You expend magic power (3 MP) to
                  | strengthen your wands. [potion of mutation]
  4361 | D:4      | Gained mutation: Your flesh is very cold resistant. (rC++)
                  | [potion of mutation]
  4564 | D:5      | Entered Level 5 of the Dungeon
  4592 | D:5      | Found a staircase to the Ecumenical Temple.
  4598 | D:5      | Noticed an ice beast
  4603 | Temple   | Entered the Ecumenical Temple
  4848 | Temple   | Became a worshipper of Qazlal Stormbringer
  4889 | Temple   | Killed an ice beast
  4890 | Temple   | Reached XP level 7. HP: 48/56 MP: 15/15
  4932 | D:5      | Noticed Eustachio
  5237 | D:4      | Killed Eustachio
  5411 | D:5      | Reached XP level 8. HP: 46/63 MP: 9/16
  5846 | D:5      | Found a shimmering altar of Xom.
  6005 | D:5      | Found a sacrificial altar of Ru.
  6059 | D:6      | Reached * piety under Qazlal
  6378 | D:6      | Found a bloodstained altar of Trog.
  6467 | D:6      | Learned a level 3 spell: Call Canine Familiar
  6512 | D:6      | Noticed Menkaure
  6522 | D:6      | Killed Menkaure
  7442 | D:7      | Found an ancient bone altar of Kikubaaqudgha.
  7479 | D:7      | Reached XP level 9. HP: 67/69 MP: 11/18
  7586 | D:7      | Found a blossoming altar of Fedhas.
  8566 | D:8      | Found a staircase to the Lair.
  8578 | D:8      | Reached skill level 5 in Throwing
  8578 | D:8      | Reached skill level 5 in Armour
  9075 | D:8      | Got a fading flail
  9081 | D:8      | Identified the +6 flail "Nephor" {freeze, rElec rF+ Dex+5
                  | Stlth-} (You found it on level 8 of the Dungeon)
  9146 | D:8      | Found a hazy altar of Hepliaklqana.
  9324 | D:8      | Reached ** piety under Qazlal
  9357 | D:8      | Reached skill level 5 in Invocations
  9649 | D:8      | HP: 3/71 [poisoned by a killer bee]
  9976 | D:9      | Got a faintly glowing spear
  9977 | D:9      | Identified the +7 spear "Xuhiew" {vorpal, rPois Dex+4} (You
                  | found it on level 9 of the Dungeon)
 10071 | D:9      | Noticed Psyche
 10099 | D:9      | Reached XP level 10. HP: 61/77 MP: 18/20
 10158 | D:9      | Reached skill level 5 in Short Blades
 10158 | D:9      | Reached skill level 5 in Long Blades
 10158 | D:9      | Reached skill level 5 in Maces & Flails
 10158 | D:9      | Reached skill level 5 in Polearms
 10158 | D:9      | Reached skill level 5 in Staves
 10158 | D:9      | Reached skill level 5 in Slings
 10158 | D:9      | Reached skill level 5 in Bows
 10158 | D:9      | Reached skill level 5 in Crossbows
 10158 | D:9      | Reached skill level 5 in Stealth
 10158 | D:9      | Reached skill level 5 in Shields
 10158 | D:9      | Reached skill level 5 in Unarmed Combat
 10158 | D:9      | Reached skill level 5 in Evocations
 10234 | D:9      | Found a snail-covered altar of Cheibriados.
 10313 | D:9      | Noticed a two-headed ogre
 10324 | D:9      | Killed a two-headed ogre
 10646 | D:9      | Learned a level 4 spell: Summon Lightning Spire
 10762 | D:9      | Killed Psyche
 11090 | D:9      | Reached *** piety under Qazlal
 11260 | D:10     | Entered Level 10 of the Dungeon
 11294 | D:10     | Noticed a two-headed ogre
 11473 | D:9      | Killed a two-headed ogre
 11658 | D:10     | Found a staircase to the Orcish Mines.
 11898 | D:10     | HP: 2/79 [something (10)]
 12738 | D:10     | Reached XP level 11. HP: 82/84 MP: 19/22
 12937 | D:10     | Killed an unseen horror
 13296 | Orc:1    | Entered Level 1 of the Orcish Mines
 13512 | Orc:1    | Noticed an orc knight
 13555 | D:10     | Reached skill level 5 in Conjurations
 13555 | D:10     | Reached skill level 5 in Hexes
 13555 | D:10     | Reached skill level 5 in Summonings
 13555 | D:10     | Reached skill level 5 in Necromancy
 13555 | D:10     | Reached skill level 5 in Transmutations
 13555 | D:10     | Reached skill level 5 in Fire Magic
 13555 | D:10     | Reached skill level 5 in Ice Magic
 13555 | D:10     | Reached skill level 5 in Air Magic
 13555 | D:10     | Reached skill level 5 in Earth Magic
 13555 | D:10     | Reached skill level 5 in Poison Magic
 13641 | D:10     | Killed an orc knight
 14400 | Orc:1    | Noticed Fannar
 14449 | D:10     | Killed Fannar
 14449 | D:10     | Reached **** piety under Qazlal
 14714 | Orc:1    | Found Otusch's Distillery.
 14730 | Orc:1    | Bought a potion of curing for 42 gold pieces
 14730 | Orc:1    | Bought a potion of curing for 42 gold pieces
 14823 | Orc:2    | Entered Level 2 of the Orcish Mines
 14823 | Orc:2    | Found a staircase to the Elven Halls.
 15210 | Orc:2    | Noticed a cyclops
 15216 | Orc:2    | Killed a cyclops
 15224 | Orc:2    | Noticed Azrael
 15296 | Orc:1    | HP: 2/86 [Azrael/damnation (18)]
 15297 | Orc:1    | Killed from afar by Azrael

Illustrated notes

Levels and vault maps discovered:
D:1:      dpeg_arrival_rhombi, layout_loops_cross, minmay_tiny_reverse_x
D:2:      layout_loops_corners
D:3:      gammafunk_steamed_eel, layout_rooms, gammafunk_ghost_abyssal_escape
D:4:      layout_basic, makhleb_grotto_becter, eat_drink_and_be_merry_uskayaw,
          hex_tiny
D:5:      layout_rooms, tgw_xom, nicolae_ru_the_path_less_chosen,
          minmay_temple_entry_glass, uniq_eustachio
D:6:      layout_basic, trog_three_pillars_becter, uniq_menkaure
D:7:      layout_basic, kiku_gazebo_garden_becter, general_overflow_altar,
          kennysheep_small_circle
D:8:      layout_basic, lemuel_round_altar, grunt_lair_entry_orc_guard_hut
D:9:      layout_roguey, cheibriados_altar_1, uniq_psyche
D:10:     layout_roguey, erik_orc_4
Temple:   jpeg_temple_clearing
Orc:1:    layout_diamond_mine, serial_shops, shop, uniq_fannar
Orc:2:    st_orc_pillars, layout_caves, uniq_azrael

Skill      XL: |  1  2  3  4  5  6  7  8  9 10 11 |
---------------+----------------------------------+-----
Spellcasting   | 5 6 7 8 |  8.2
Invocations    | 1 2 3 4 5 6 7 |  7.0
Short Blades   | 1 2 3 4 5 6 |  6.4
Long Blades    | 1 2 3 4 5 6 |  6.4
Maces & Flails | 1 2 3 4 5 6 |  6.4
Polearms       | 1 2 3 4 5 6 |  6.4
Staves         | 1 2 3 4 5 6 |  6.4
Slings         | 1 2 3 4 5 6 |  6.4
Bows           | 1 2 3 4 5 6 |  6.4
Crossbows      | 1 2 3 4 5 6 |  6.4
Stealth        | 1 2 3 4 5 6 |  6.4
Shields        | 1 2 3 4 5 6 |  6.4
Unarmed Combat | 1 2 3 4 5 6 |  6.4
Evocations     | 1 2 3 4 5 6 |  6.4
Conjurations   | 1 2 3 4 5 |  5.3
Hexes          | 1 2 3 4 5 |  5.3
Summonings     | 1 2 3 4 5 |  5.3
Necromancy     | 1 2 3 4 5 |  5.3
Transmutations | 1 2 3 4 5 |  5.3
Fire Magic     | 1 2 3 4 5 |  5.3
Ice Magic      | 1 2 3 4 5 |  5.3
Air Magic      | 1 2 3 4 5 |  5.3
Earth Magic    | 1 2 3 4 5 |  5.3
Poison Magic   | 1 2 3 4 5 |  5.3
Throwing       | 3 4 5 6 7 |  7.0
Armour         | 3 4 5 6 7 |  7.0
Fighting       | 5 6 7 8 |  8.0
Axes           | 5 6 7 8 |  8.0
Dodging        | 5 6 7 8 |  8.0
Translocations | 6 7 |  7.7

Action                   |  1- 3 |  4- 6 |  7- 9 | 10-12 || total
-------------------------+-------+-------+-------+-------++-------
Melee: Hand axe          |    99 |   146 |   221 |       ||   466
       Bite              |    10 |    15 |    31 |    52 ||   108
       Punch             |       |     1 |     3 |     9 ||    13
       Flail             |       |       |    50 |       ||    50
       Spear             |       |       |    11 |   306 ||   317
Throw: Stone             |     4 |       |       |       ||     4
       Dart              |     1 |    29 |    36 |       ||    66
       Boomerang         |       |     6 |    21 |    20 ||    47
 Cast: Gell's Gravitas   |     5 |    18 |    14 |     8 ||    45
       Blink             |     1 |     7 |    10 |     8 ||    26
       Call Canine Famil |       |       |     9 |    26 ||    35
       Summon Lightning  |       |       |       |    13 ||    13
  Use: Scroll            |     1 |    12 |     8 |     1 ||    22
       Potion            |       |     9 |     4 |     2 ||    15
 Stab: Sleeping          |     2 |     3 |       |       ||     5
       Distracted        |       |       |     3 |     4 ||     7
Armor: Leather armour    |    13 |    30 |    91 |    61 ||   195
Dodge: Dodged            |    86 |   102 |   257 |   193 ||   638
       Repelled          |       |       |       |     2 ||     2
Block: Other             |       |       |     9 |    40 ||    49
